[Event "Titled Tuesday Blitz June 20 Early 2023"]
[White "Kochiev, Ivan"]
[Black "Carrasco Miranda, Andres"]
[WhiteFideId "2917890"]
[BlackFideId "3405990"]
[WhiteElo "2287"]
[BlackElo "2183"]
[Result "1/2-1/2"]
[Round "11"]
[TimeControl "180+2"]
[Date "2023.06.20"]
[WhiteClock "0:02:43"]
[BlackClock "0:02:46"]
[Board "98"]

1. e4 e5 2. Nf3 Nc6 3. d4 exd4 4. Bc4 Bc5 5. c3 Nf6 6. cxd4 Bb4+ 7. Bd2 Bxd2+ 8. Nbxd2 d5 9. exd5 Nxd5 10. O-O O-O 11. Re1 1/2-1/2


[Site "https://www.chess.com"]

[Event "Titled Tuesday Blitz June 20 Early 2023"]
[White "Goldin, Roman"]
[Black "Horak, Martin"]
[WhiteFideId "2803860"]
[BlackFideId "367095"]
[WhiteElo "2312"]
[BlackElo "2091"]
[Result "0-1"]
[Round "11"]
[TimeControl "180+2"]
[Date "2023.06.20"]
[WhiteClock "0:00:00"]
[BlackClock "0:00:43"]
[Board "99"]

1. e4 c5 2. Nf3 Nc6 3. Bb5 d6 4. O-O Bd7 5. c3 Nf6 6. Re1 a6 7. Bf1 Bg4 8. h3 Bh5 9. d4 cxd4 10. cxd4 d5 11. e5 Ne4 12. Nc3 Nxc3 13. bxc3 e6 14. Bd3 Be7 15. a4 Na5 16. Ba3 Bxa3 17. Rxa3 Rc8 18. g4 Bg6 19. Bf1 h5 20. Nd2 hxg4 21. Qxg4 Qh4 22. Qxh4 Rxh4 23. Kg2 Kd7 24. Kg3 Rhh8 25. Re3 Rc7 26. Bd3 Bxd3 27. Rxd3 Rhc8 28. Nb1 Rc6 29. Ra2 Rb6 30. Rd1 Rb3 31. h4 Rc4 32. Re2 Rxa4 33. f4 g6 34. Kf3 Ra1 35. Ree1 Nc4 36. Kg4 a5 37. h5 gxh5+ 38. Kxh5 a4 39. Kg5 a3 40. Nd2 Rxd1 41. Rxd1 Nxd2 42. Rxd2 Rxc3 43. Kf6 Rf3 44. Re2 Rxf4+ 0-1


[Site "https://www.chess.com"]

[Event "Titled Tuesday Blitz June 20 Early 2023"]
[White "Szente Varga, Fruzsina"]
[Black "Vyatkin, Dmitry"]
[WhiteFideId "712264"]
[BlackFideId "4171900"]
[WhiteElo "1994"]
[BlackElo "2279"]
[Result "0-1"]
[Round "11"]
[TimeControl "180+2"]
[Date "2023.06.20"]
[WhiteClock "0:00:00"]
[BlackClock "0:00:25"]
[Board "100"]

1. e4 e6 2. d4 d5 3. Nd2 c5 4. Bb5+ Bd7 5. Bxd7+ Qxd7 6. exd5 Qxd5 7. Ngf3 cxd4 8. O-O Nc6 9. Nb3 O-O-O 10. Re1 e5 11. Qe2 f6 12. Bd2 Kb8 13. a4 Nge7 14. a5 a6 15. Nc1 Ng6 16. Nd3 Bd6 17. b4 Rhe8 18. b5 axb5 19. a6 b6 20. a7+ Ka8 21. Nb2 e4 22. h3 Re7 23. Nh2 Bxh2+ 24. Kh1 Bd6 25. c4 Qe5 26. g3 e3 27. cxb5 Qd5+ 28. Kh2 exd2 29. Qxd2 Rxe1 30. Qxe1 Nce5 31. Qd1 Nf3+ 32. Kg2 Nfh4+ 33. Kf1 Qg2+ 34. Ke2 Re8+ 35. Kd3 Qe4+ 36. Kd2 Bb4+ 37. Kc1 Rc8+ 38. Nc4 Rxc4+ 39. Kb2 Bc3+ 40. Kb3 Rb4+ 41. Ka3 Qe7 42. Ka2 Qxa7+ 0-1


[Site "https://www.chess.com"]

[Event "Titled Tuesday Blitz June 20 Early 2023"]
[White "Petrova, Irina"]
[Black "Moskvin, Anatoly"]
[WhiteFideId "14124122"]
[BlackFideId "24199990"]
[WhiteElo "2084"]
[BlackElo "2104"]
[Result "1-0"]
[Round "11"]
[TimeControl "180+2"]
[Date "2023.06.20"]
[WhiteClock "0:00:55"]
[BlackClock "0:00:00"]
[Board "101"]

1. e4 e5 2. Nf3 d5 3. d3 Nc6 4. exd5 Qxd5 5. Nc3 Bb4 6. Bd2 Bxc3 7. bxc3 Nf6 8. Be2 Be6 9. O-O O-O-O 10. c4 Qd7 11. Bc3 e4 12. Ne5 Nxe5 13. Bxe5 Qa4 14. Rb1 Bxc4 15. Bxf6 gxf6 16. Bg4+ Be6 17. Re1 f5 18. Bh3 Rhg8 19. Qe2 exd3 20. cxd3 Qh4 21. Qf3 Bd5 22. Bxf5+ Kb8 23. Be4 Bxe4 24. Rxe4 Qg5 25. Re5 1-0


[Site "https://www.chess.com"]

[Event "Titled Tuesday Blitz June 20 Early 2023"]
[White "Fernandez Siles, Luis"]
[Black "Santos Flores, Alberto"]
[WhiteFideId "2209420"]
[BlackFideId "3601234"]
[WhiteElo "2195"]
[BlackElo "2235"]
[Result "0-1"]
[Round "11"]
[TimeControl "180+2"]
[Date "2023.06.20"]
[WhiteClock "0:00:00"]
[BlackClock "0:00:21"]
[Board "102"]

1. e4 e6 2. d4 d5 3. Nd2 c5 4. c3 Nc6 5. Ngf3 cxd4 6. cxd4 Qb6 7. e5 Nxd4 8. Nxd4 Qxd4 9. Bb5+ Bd7 10. Bxd7+ Kxd7 11. O-O Ne7 12. Qb3 Qb6 13. Qf3 Nc6 14. Qxf7+ Be7 15. Nf3 Raf8 16. Qh5 Rf5 17. Qg4 g5 18. Be3 Qd8 19. Qa4 h5 20. Rac1 Qa5 21. Qxa5 Nxa5 22. Bxa7 Nc6 23. Bc5 Bxc5 24. Rxc5 g4 25. Nh4 Rg5 26. f4 gxf3 27. Nxf3 Rf5 28. Rfc1 Ra8 29. a3 Ra4 30. Rb5 Kc7 31. b4 Rxa3 32. Nd4 Rxe5 33. Rbc5 Kd7 34. Nxc6 bxc6 35. Rxc6 Re2 36. R6c2 Rxc2 37. Rxc2 Rb3 38. Rf2 Rxb4 39. Rf7+ Kd6 40. Rh7 h4 41. Kf2 e5 42. Kf3 Rf4+ 43. Ke3 d4+ 44. Ke2 Kd5 45. Rd7+ Ke4 46. Ra7 d3+ 47. Ke1 Ke3 48. Ra2 Rb4 0-1


[Site "https://www.chess.com"]

[Event "Titled Tuesday Blitz June 20 Early 2023"]
[White "Toncheva, Nadya"]
[Black "Nithyalakshmi, Sivanesan"]
[WhiteFideId "2924056"]
[BlackFideId "5706955"]
[WhiteElo "2101"]
[BlackElo "1815"]
[Result "1-0"]
[Round "11"]
[TimeControl "180+2"]
[Date "2023.06.20"]
[WhiteClock "0:00:13"]
[BlackClock "0:00:00"]
[Board "103"]

1. e4 e6 2. d4 d5 3. Nd2 Nc6 4. c3 e5 5. exd5 Qxd5 6. Ngf3 exd4 7. Bc4 Qd8 8. O-O Be7 9. Qb3 Nh6 10. Ne4 O-O 11. Bxh6 gxh6 12. cxd4 Na5 13. Qc2 Nxc4 14. Qxc4 Be6 15. Qc1 Bd5 16. Re1 Kg7 17. Ng3 Bg5 18. Nf5+ Kh8 19. Qc3 c6 20. h4 Bf4 21. g3 Rg8 22. Kf1 Qd7 23. Ne7 Qh3+ 24. Ke2 Rge8 25. Kd1 Qg4 26. gxf4 Bxf3+ 27. Kc2 Qxf4 28. d5+ f6 29. d6 Qxd6 30. Qxf3 Rxe7 31. Rad1 Qc5+ 32. Kb1 Rxe1 33. Qxf6+ Kg8 34. Rxe1 Rf8 35. Rg1+ 1-0


[Site "https://www.chess.com"]

[Event "Titled Tuesday Blitz June 20 Early 2023"]
[White "Kovacsy, Barnabas"]
[Black "DanyKopy"]
[WhiteFideId "769290"]
[WhiteElo "2130"]
[BlackElo "2460"]
[Result "0-1"]
[Round "11"]
[TimeControl "180+2"]
[Date "2023.06.20"]
[WhiteClock "0:01:12"]
[BlackClock "0:00:10"]
[Board "104"]

1. e4 c5 2. Nf3 Nc6 3. d4 cxd4 4. Nxd4 Nf6 5. Nc3 e6 6. Ndb5 Bb4 7. a3 Bxc3+ 8. Nxc3 d5 9. exd5 exd5 10. Bd3 O-O 11. O-O Bg4 12. Be2 Bxe2 13. Qxe2 Re8 14. Qf3 d4 15. Ne2 Qc7 16. Nf4 Ne5 17. Qb3 Rac8 18. Nd5 Qxc2 19. Nxf6+ gxf6 20. Qxb7 d3 21. Be3 d2 22. Rad1 Rcd8 23. Qb4 Nc4 24. b3 Nxe3 25. fxe3 Rxe3 26. Qg4+ Qg6 27. Qxg6+ hxg6 28. Rxf6 Rxb3 29. Rf2 Rbd3 30. Rf3 Rxf3 31. gxf3 Kg7 32. Kf2 Rd3 33. Ke2 Rxa3 34. Rxd2 a5 35. Kf2 a4 36. Rd6 Ra2+ 37. Kg3 Ra1 38. Ra6 a3 39. Kg2 g5 40. Ra5 Kg6 41. Ra6+ Kh5 42. Ra4 f5 43. Kf2 Kg6 44. Ra6+ Kf7 45. Kg2 a2 46. Kh3 g4+ 47. fxg4 f4 48. Kg2 f3+ 49. Kf2 Rh1 50. Kxf3 a1=Q 51. Rxa1 Rxa1 52. Kf4 Kg6 53. h4 Ra4+ 54. Kg3 Kf6 55. Kf3 Ke5 56. h5 Kf6 57. Kg3 Kg5 58. h6 Rxg4+ 0-1


[Site "https://www.chess.com"]

[Event "Titled Tuesday Blitz June 20 Early 2023"]
[White "Corredor Castellanos, Camilo"]
[Black "Wang, Alexander J"]
[WhiteFideId "4425871"]
[BlackFideId "30955270"]
[WhiteElo "1994"]
[BlackElo "2317"]
[Result "1-0"]
[Round "11"]
[TimeControl "180+2"]
[Date "2023.06.20"]
[WhiteClock "0:02:25"]
[BlackClock "0:02:17"]
[Board "105"]

1. e4 c5 2. Nf3 d6 3. d4 cxd4 4. Nxd4 Nf6 5. Nc3 g6 6. Be2 Bg7 7. O-O O-O 8. h3 Nc6 9. Be3 Bd7 10. f4 Rc8 11. Nxc6 Bxc6 12. Bf3 a6 13. Bd4 Nd7 14. Bxg7 Kxg7 15. Qd4+ Kg8 16. Rad1 Qb6 17. Kh2 Qxb2 18. Nd5 Qxd4 19. Nxe7+ Kg7 20. Rxd4 Rcd8 21. Nxc6 bxc6 22. Rxd6 Nf6 23. Rxc6 1-0


[Site "https://www.chess.com"]

[Event "Titled Tuesday Blitz June 20 Early 2023"]
[White "Brown, Raehanna"]
[Black "Grossboss19"]
[WhiteFideId "7402740"]
[WhiteElo "1655"]
[BlackElo "2443"]
[Result "1/2-1/2"]
[Round "11"]
[TimeControl "180+2"]
[Date "2023.06.20"]
[WhiteClock "0:00:49"]
[BlackClock "0:01:02"]
[Board "106"]

1. c4 e6 2. Nc3 d5 3. cxd5 exd5 4. d4 c6 5. Bf4 Bd6 6. Bg3 Nf6 7. e3 O-O 8. Bd3 h6 9. Nf3 Qe7 10. O-O Bg4 11. Be2 Nbd7 12. Qc2 Bxg3 13. hxg3 a6 14. a3 Rae8 15. b4 Nh7 16. Na4 Ndf6 17. Ne5 Bxe2 18. Qxe2 Nd7 19. Nxd7 Qxd7 20. Nc5 Qc8 21. Rac1 Ng5 22. a4 g6 23. b5 axb5 24. axb5 Kg7 25. bxc6 bxc6 26. Nd3 Qe6 27. Ne5 Rc8 28. Qa6 c5 29. Qxe6 Nxe6 30. Nd7 Rfd8 31. Nxc5 Nxc5 32. Rxc5 Rxc5 33. dxc5 Rc8 34. Rc1 Kf6 35. Kf1 Ke6 36. Ke2 Kd7 37. Kd3 Kc6 38. Kd4 Re8 39. f3 Ra8 40. Rc2 f6 41. e4 Ra4+ 42. Ke3 dxe4 43. fxe4 h5 44. Kf4 Ra1 45. g4 Rf1+ 46. Kg3 hxg4 47. Kxg4 Re1 48. Kf4 Rf1+ 49. Kg4 Re1 50. Kf3 Rf1+ 51. Ke2 Rg1 52. Kf2 Ra1 53. Kf3 Rf1+ 54. Kg3 Re1 55. Kf3 Rf1+ 1/2-1/2


[Site "https://www.chess.com"]

[Event "Titled Tuesday Blitz June 20 Early 2023"]
[White "Hambleton, Aman"]
[Black "Simonovic, Miroslav"]
[WhiteFideId "2606577"]
[BlackFideId "919152"]
[WhiteElo "2511"]
[BlackElo "2075"]
[Result "1-0"]
[Round "11"]
[TimeControl "180+2"]
[Date "2023.06.20"]
[WhiteClock "0:00:33"]
[BlackClock "0:00:11"]
[Board "107"]

1. e4 c5 2. Nf3 Nc6 3. c3 d5 4. d3 dxe4 5. dxe4 Qxd1+ 6. Kxd1 e5 7. Be3 a6 8. a4 Be6 9. Nfd2 O-O-O 10. Kc2 f5 11. Bc4 Bxc4 12. Nxc4 fxe4 13. Nbd2 Nf6 14. h3 Kc7 15. a5 Be7 16. Nb3 Nd7 17. Nbd2 Nf6 18. Nb3 Nd7 19. Ncd2 Nf6 20. Bxc5 Bxc5 21. Nxc5 Rd5 22. Ndxe4 Nxe4 23. Nxe4 Rxa5 24. Rad1 Rd8 25. Ng5 Rxd1 26. Rxd1 g6 27. Nxh7 e4 28. Nf8 Rf5 29. Ne6+ Kb6 30. Rd2 Ne5 31. g4 Rf6 32. Ng5 Nf3 33. Nxe4 Re6 34. Rd6+ Rxd6 35. Nxd6 Ng5 36. h4 Nf3 37. h5 gxh5 38. gxh5 Ng5 39. h6 Nh7 40. f4 Kc6 41. Nf7 Kd7 42. Ng5 Nf8 43. f5 Ke7 44. h7 Nxh7 45. Nxh7 b6 46. Kd3 Kf7 47. Kc4 Kg7 48. Kd5 Kxh7 49. Kc6 Kg7 50. Kxb6 Kf6 51. Kxa6 Kxf5 52. c4 Ke6 53. c5 Kd7 54. Kb6 Kc8 55. b4 Kb8 56. b5 Kc8 57. c6 Kb8 58. Kc5 Kc8 59. b6 Kb8 60. Kb5 Ka8 61. Ka6 Kb8 62. b7 Kc7 63. Kb5 Kb8 64. Ka6 Kc7 65. Ka7 Kxc6 66. b8=Q 1-0


[Site "https://www.chess.com"]

[Event "Titled Tuesday Blitz June 20 Early 2023"]
[White "Ilkhomi, Jaloliddin"]
[Black "Bueno, Alfeu Junior Varela"]
[WhiteFideId "14700948"]
[BlackFideId "2108879"]
[WhiteElo "2045"]
[BlackElo "2175"]
[Result "1-0"]
[Round "11"]
[TimeControl "180+2"]
[Date "2023.06.20"]
[WhiteClock "0:02:01"]
[BlackClock "0:00:00"]
[Board "108"]

1. Nf3 e6 2. c4 f5 3. d4 b6 4. Nc3 Bb4 5. Bd2 Bb7 6. e3 Nf6 7. Bd3 O-O 8. O-O d6 9. a3 Bxc3 10. Bxc3 Qe8 11. Nd2 Nbd7 12. f3 Qg6 13. Qe2 Rae8 14. e4 fxe4 15. Nxe4 Nh5 16. Nxd6 Nf4 17. Bxg6 Nxe2+ 18. Kf2 hxg6 19. Nxe8 Nxc3 20. Nxc7 Ne4+ 21. Kg1 Nd2 22. Rfe1 Nxc4 23. Nxe6 Re8 24. Rac1 Bd5 25. Nc7 Rxe1+ 26. Rxe1 Bf7 27. d5 Nxb2 28. d6 Nc4 29. Re7 Nc5 30. d7 1-0


[Site "https://www.chess.com"]

[Event "Titled Tuesday Blitz June 20 Early 2023"]
[White "Shapiro, Daniel"]
[Black "Arat, Ufuk Sezen"]
[WhiteFideId "2001780"]
[BlackFideId "6309089"]
[WhiteElo "2339"]
[BlackElo "2289"]
[Result "0-1"]
[Round "11"]
[TimeControl "180+2"]
[Date "2023.06.20"]
[WhiteClock "0:00:00"]
[BlackClock "0:01:33"]
[Board "109"]

1. d4 Nf6 2. c4 e6 3. g3 d5 4. Nf3 c5 5. cxd5 exd5 6. Bg2 cxd4 7. Nxd4 Nc6 8. Nxc6 bxc6 9. O-O Be7 10. b3 O-O 11. Bb2 Be6 12. Nc3 c5 13. Rc1 d4 14. Na4 Rc8 15. Ba3 Bd5 16. Bxd5 Nxd5 17. Bxc5 Bxc5 18. Rxc5 Rxc5 19. Nxc5 Nc3 20. Qd2 Qe7 21. Nd3 Nxe2+ 22. Kg2 Qb7+ 23. f3 Nc3 24. Nf4 Qb6 25. Re1 Rd8 26. Re5 h6 27. Nd3 Qa6 28. a4 Qb6 29. b4 Qc6 30. Rc5 Qxa4 31. Rxc3 dxc3 32. Qxc3 Qa2+ 33. Kh3 Qe2 34. Nf4 Rd2 35. Nxe2 Rxe2 36. Qc8+ Kh7 37. Qf5+ Kg8 38. Qc8+ Kh7 39. Qc5 a6 40. Qc4 Re6 41. Qd3+ Kg8 42. f4 g6 43. Kg2 Kg7 44. Kf3 h5 45. g4 hxg4+ 46. Kxg4 Rf6 47. h4 Re6 48. h5 gxh5+ 49. Kxh5 Rg6 50. f5 Rh6+ 51. Kg5 Rc6 52. Qd4+ f6+ 53. Kf4 Rc7 54. Ke4 Re7+ 55. Kd3 Re5 56. Qd7+ Kh6 57. Kc4 Kg5 58. Qc8 Re4+ 59. Kc3 Re3+ 60. Kd2 Ra3 0-1


[Site "https://www.chess.com"]

[Event "Titled Tuesday Blitz June 20 Early 2023"]
[White "Karamsetty, Jeevan"]
[Black "Jiganchine, Roman"]
[WhiteFideId "2025337"]
[BlackFideId "2603667"]
[WhiteElo "2131"]
[BlackElo "2331"]
[Result "1-0"]
[Round "11"]
[TimeControl "180+2"]
[Date "2023.06.20"]
[WhiteClock "0:01:37"]
[BlackClock "0:00:00"]
[Board "110"]

1. e4 c5 2. Nf3 Nc6 3. Bb5 g6 4. c3 Bg7 5. O-O Nf6 6. e5 Nd5 7. d4 cxd4 8. cxd4 Nc7 9. Bc4 d5 10. Bb3 O-O 11. Nc3 Bg4 12. Be3 e6 13. h3 Bxf3 14. Qxf3 a6 15. Qg3 Nb5 16. Bg5 f6 17. Nxb5 fxg5 18. Nd6 Nxd4 19. Rfe1 Nf5 20. Qg4 h5 21. Qb4 b5 22. Rad1 Qb6 23. Nxf5 gxf5 24. Qe7 Ra7 25. Qxg5 f4 26. Rxd5 Rf5 27. Qxf5 Rf7 28. Rd6 Rxf5 29. Bxe6+ Kh8 30. Rxb6 Rxe5 31. Rxe5 Bxe5 32. Rxa6 1-0


[Site "https://www.chess.com"]

[Event "Titled Tuesday Blitz June 20 Early 2023"]
[White "whiteglovethief"]
[Black "MAHanif"]
[WhiteElo "2500"]
[BlackElo "2327"]
[Result "1-0"]
[Round "11"]
[TimeControl "180+2"]
[Date "2023.06.20"]
[WhiteClock "0:01:58"]
[BlackClock "0:01:34"]
[Board "111"]

1. c4 c5 2. Nc3 Nc6 3. g3 g6 4. Bg2 Bg7 5. d3 d6 6. Nf3 Nf6 7. O-O O-O 8. Bd2 Bd7 9. Rb1 Rb8 10. a3 a6 11. b4 cxb4 12. axb4 b5 13. cxb5 axb5 14. d4 d5 15. Bf4 Rb7 16. Ne5 e6 17. Qd3 Nxe5 18. Bxe5 Ne8 19. e4 Bxe5 20. dxe5 dxe4 21. Nxe4 Qb8 22. Nc5 Bc8 23. Bxb7 Bxb7 24. Qxb5 1-0


[Site "https://www.chess.com"]

[Event "Titled Tuesday Blitz June 20 Early 2023"]
[White "Bilan, Danila"]
[Black "Samaganova, Aleksandra"]
[WhiteFideId "24161918"]
[BlackFideId "13800221"]
[WhiteElo "2146"]
[BlackElo "1858"]
[Result "1-0"]
[Round "11"]
[TimeControl "180+2"]
[Date "2023.06.20"]
[WhiteClock "0:00:14"]
[BlackClock "0:00:03"]
[Board "112"]

1. d4 Nf6 2. Nf3 e6 3. g3 b6 4. Bg2 Bb7 5. O-O c5 6. c4 cxd4 7. Qxd4 Nc6 8. Qd1 Be7 9. Nc3 O-O 10. Bf4 Na5 11. b3 d5 12. Ne5 Rc8 13. Rc1 a6 14. cxd5 exd5 15. e3 Ba3 16. Rc2 h6 17. h4 Bb4 18. Nxd5 Rxc2 19. Nxf6+ Qxf6 20. Qxc2 Bxg2 21. Kxg2 Rd8 22. Rd1 Rxd1 23. Qxd1 g5 24. hxg5 hxg5 25. Qg4 Be7 26. Nf3 Qg6 27. Bxg5 f6 28. Qe6+ Kf8 29. Bf4 Qe8 30. Bh6# 1-0


[Site "https://www.chess.com"]

[Event "Titled Tuesday Blitz June 20 Early 2023"]
[White "Mayaud, Raphael"]
[Black "Reprintsev, Alexander"]
[WhiteFideId "627151"]
[BlackFideId "14100541"]
[WhiteElo "2191"]
[BlackElo "2229"]
[Result "0-1"]
[Round "11"]
[TimeControl "180+2"]
[Date "2023.06.20"]
[WhiteClock "0:00:33"]
[BlackClock "0:01:52"]
[Board "113"]

1. d4 d5 2. Nf3 Nc6 3. c4 e5 4. dxe5 d4 5. a3 g6 6. b4 Bg7 7. Bb2 Nh6 8. Nbd2 Nf5 9. Nb3 a5 10. b5 Nxe5 11. Nxe5 Bxe5 12. e3 O-O 13. Bxd4 Nxd4 14. Nxd4 Qh4 15. Rc1 Rd8 16. g3 Qf6 17. Bg2 Bxd4 18. exd4 Rxd4 19. Qc2 Bf5 20. Qc3 Re8+ 21. Kf1 Rd1+ 0-1


[Site "https://www.chess.com"]

[Event "Titled Tuesday Blitz June 20 Early 2023"]
[White "Rios Escobar, Adan"]
[Black "Rosh Jain"]
[WhiteFideId "3403645"]
[BlackFideId "25789465"]
[WhiteElo "2468"]
[BlackElo "2233"]
[Result "1-0"]
[Round "11"]
[TimeControl "180+2"]
[Date "2023.06.20"]
[WhiteClock "0:00:19"]
[BlackClock "0:00:08"]
[Board "114"]

1. d4 Nf6 2. g3 d5 3. Nf3 c5 4. Bg2 Nc6 5. O-O e6 6. c4 dxc4 7. dxc5 Qxd1 8. Rxd1 Bxc5 9. Nbd2 c3 10. bxc3 O-O 11. Nb3 Bb6 12. c4 Ne4 13. e3 f5 14. Bb2 Rf7 15. a4 a5 16. Nfd4 Bd7 17. Bxe4 fxe4 18. c5 Bc7 19. Nb5 Be5 20. Bd4 Raf8 21. Ra2 Nb4 22. Rad2 Bxb5 23. axb5 a4 24. Bxe5 axb3 25. c6 bxc6 26. Bd6 Nd3 27. Bxf8 Rxf8 28. bxc6 b2 29. Rb1 Rc8 30. Rc2 Kf7 31. Kf1 Kf6 32. Ke2 Nc1+ 33. Rbxc1 bxc1=Q 34. Rxc1 Ke5 35. Kd2 Kd6 36. Rc4 Kd5 37. Kc3 Rc7 38. h4 e5 39. Kb4 Rxc6 40. Rxc6 Kxc6 41. g4 Kd5 42. Kb5 g6 43. g5 Kd6 44. Kb6 Kd5 45. Kc7 Kc4 46. Kd6 Kd3 47. Kxe5 Ke2 48. Kxe4 Kxf2 49. Kf4 Kg2 50. e4 Kh3 51. e5 Kxh4 52. e6 Kh5 53. e7 h6 54. gxh6 g5+ 55. Kf5 Kh4 56. h7 g4 57. h8=Q+ Kg3 58. Qe5+ Kf3 59. Qf4+ Kg2 60. Qxg4+ Kf2 61. Qf4+ Kg1 62. Qd2 Kf1 63. Kf4 Kg1 64. Kf3 Kh1 65. Kg3 Kg1 66. Qd1# 1-0


[Site "https://www.chess.com"]

[Event "Titled Tuesday Blitz June 20 Early 2023"]
[White "Kuzmin, Ilya"]
[Black "Zheenbekov, Nurgazy"]
[WhiteFideId "4153863"]
[BlackFideId "13800485"]
[WhiteElo "2093"]
[BlackElo "1975"]
[Result "1/2-1/2"]
[Round "11"]
[TimeControl "180+2"]
[Date "2023.06.20"]
[WhiteClock "0:00:18"]
[BlackClock "0:00:13"]
[Board "115"]

1. d4 d5 2. c4 e6 3. Nc3 Be7 4. Nf3 Nf6 5. cxd5 exd5 6. Bg5 O-O 7. Qc2 h6 8. Bxf6 Bxf6 9. e3 b6 10. b4 c5 11. bxc5 bxc5 12. Rc1 Nc6 13. Be2 cxd4 14. exd4 Bg4 15. O-O Bxf3 16. Bxf3 Nxd4 17. Qd1 Nxf3+ 18. Qxf3 d4 19. Nd5 Be5 20. Rfe1 Qd6 21. Rc6 Qb8 22. Qh5 Re8 23. g3 d3 24. Rd1 Bd4 25. Rc7 Rf8 26. Rxd3 Qb2 27. Rf3 Rae8 28. Rfxf7 Bxf2+ 29. Kg2 Bb6+ 30. Kh3 Bxc7 31. Nf6+ Qxf6 32. Rxf6 gxf6 33. Qg6+ Kh8 34. Qxh6+ Kg8 35. Qg6+ Kh8 36. Qh6+ Kg8 37. Qg6+ Kh8 38. Qh6+ 1/2-1/2


[Site "https://www.chess.com"]

[Event "Titled Tuesday Blitz June 20 Early 2023"]
[White "LangesNasenhaar"]
[Black "Sarkar, Justin"]
[BlackFideId "2010011"]
[WhiteElo "2439"]
[BlackElo "2151"]
[Result "1-0"]
[Round "11"]
[TimeControl "180+2"]
[Date "2023.06.20"]
[WhiteClock "0:00:14"]
[BlackClock "0:00:00"]
[Board "116"]

1. d4 Nf6 2. Nc3 d5 3. Bf4 a6 4. e3 e6 5. Nf3 Bb4 6. a3 Bxc3+ 7. bxc3 c5 8. c4 cxd4 9. exd4 O-O 10. c5 b6 11. cxb6 Qxb6 12. Bd3 Bd7 13. O-O Bb5 14. a4 Bxd3 15. Qxd3 Nc6 16. a5 Nxa5 17. Ne5 Rfc8 18. Bg5 Qc7 19. Bxf6 gxf6 20. Ng4 f5 21. Ne5 Nc4 22. Qg3+ Kh8 23. Rae1 Nxe5 24. dxe5 Rg8 25. Qh4 Qxc2 26. Re3 Qc4 27. Qf6+ Rg7 28. Rg3 Rg8 29. Rb1 Qc8 30. h4 f4 31. Rxg7 Rxg7 32. h5 h6 33. Qxh6+ Kg8 34. Qf6 f3 35. g3 d4 36. Qxf3 Qd8 37. Rd1 Rg5 38. Qe4 Rxh5 39. Rxd4 1-0


[Site "https://www.chess.com"]

[Event "Titled Tuesday Blitz June 20 Early 2023"]
[White "agvania123"]
[Black "Vafin, Ayrat"]
[BlackFideId "4146530"]
[WhiteElo "2266"]
[BlackElo "2317"]
[Result "1-0"]
[Round "11"]
[TimeControl "180+2"]
[Date "2023.06.20"]
[WhiteClock "0:00:31"]
[BlackClock "0:00:01"]
[Board "117"]

1. c4 e6 2. Nc3 d5 3. d4 Be7 4. cxd5 exd5 5. Bf4 c6 6. e3 Bf5 7. Bd3 Bxd3 8. Qxd3 Nf6 9. Nf3 Nbd7 10. O-O O-O 11. h3 Re8 12. Rab1 Nf8 13. Ne5 a5 14. Rfe1 Ng6 15. Bh2 Bd6 16. f4 Nd7 17. e4 dxe4 18. Qc4 Qe7 19. Nxe4 Nb6 20. Qc2 Nd5 21. Nxd6 Qxd6 22. f5 Nxe5 23. dxe5 Qb4 24. Kh1 Re7 25. a3 Qh4 26. e6 Rae8 27. Bd6 fxe6 28. Bxe7 Rxe7 29. fxe6 Qf6 30. Qe4 h6 31. Rbd1 Kf8 32. Rf1 1-0


[Site "https://www.chess.com"]

[Event "Titled Tuesday Blitz June 20 Early 2023"]
[White "Tuleyeva-Aketayeva, Dana"]
[Black "Gomes, Luiz Alexandre de Souza"]
[WhiteFideId "13701932"]
[BlackFideId "2102790"]
[WhiteElo "2030"]
[BlackElo "2413"]
[Result "0-1"]
[Round "11"]
[TimeControl "180+2"]
[Date "2023.06.20"]
[WhiteClock "0:00:27"]
[BlackClock "0:01:53"]
[Board "118"]

1. d4 Nf6 2. Nf3 g6 3. g3 Bg7 4. Bg2 O-O 5. O-O d5 6. c4 c6 7. Nc3 dxc4 8. Nd2 Be6 9. Qa4 Qxd4 10. e3 Qc5 11. Nde4 Nxe4 12. Nxe4 Qb5 13. Qxb5 cxb5 14. Nc5 Nc6 15. Nxb7 Nb4 16. Nc5 Bd5 17. e4 Bc6 18. a3 Nc2 19. Rb1 Bd4 20. Na6 Rac8 21. Nb4 Nxb4 22. axb4 Rfd8 23. Be3 Bxe3 24. fxe3 Rd3 25. Ra1 Rc7 26. Rfe1 Rb3 27. Ra2 Rxb4 28. Rc1 Rb3 29. Kf2 Kg7 30. Bf3 Rd7 31. Be2 Bxe4 32. Ke1 e5 33. Kf2 Rd2 34. Rxa7 Rbxb2 35. Re1 Bd3 0-1


[Site "https://www.chess.com"]

[Event "Titled Tuesday Blitz June 20 Early 2023"]
[White "Gatterer, Florian"]
[Black "De Souza, Cristiano Gomes"]
[WhiteFideId "811688"]
[BlackFideId "2151758"]
[WhiteElo "2221"]
[BlackElo "2068"]
[Result "1/2-1/2"]
[Round "11"]
[TimeControl "180+2"]
[Date "2023.06.20"]
[WhiteClock "0:00:33"]
[BlackClock "0:01:36"]
[Board "119"]

1. e4 c5 2. Nf3 d6 3. Bb5+ Bd7 4. Bxd7+ Qxd7 5. O-O Nc6 6. c3 Nf6 7. Re1 e5 8. d4 Be7 9. Na3 a6 10. dxe5 dxe5 11. Qxd7+ Nxd7 12. Nc4 b5 13. Ne3 Nf6 14. a4 O-O 15. Nd5 Bd6 16. Bg5 Nxd5 17. exd5 f6 18. dxc6 fxg5 19. Nxg5 Rac8 20. axb5 axb5 21. Ra6 Rf6 22. Ne4 Re6 23. Rd1 Be7 24. Rd7 Kf8 25. g3 Rexc6 26. Raa7 Re6 27. h4 h6 28. g4 Rd8 29. Kg2 Rxd7 30. Rxd7 Ke8 31. Rb7 b4 32. c4 Kf8 33. Rc7 Bxh4 34. Rxc5 Bf6 35. Rb5 Be7 36. c5 Rc6 37. Rb6 Rc7 38. Rxb4 Bxc5 39. Rc4 Bb6 40. Rxc7 Bxc7 41. Kf3 Kf7 42. b4 Ke6 43. Ke2 Kd5 44. Kd3 Bb6 45. f3 g6 46. Nc3+ Ke6 47. Ke4 h5 48. gxh5 gxh5 49. Nd5 Bd8 50. f4 exf4 51. Nxf4+ Kd6 52. Nxh5 Kc6 53. Kd4 Kb5 54. Kc3 Be7 55. Kb3 Bxb4 1/2-1/2


[Site "https://www.chess.com"]

[Event "Titled Tuesday Blitz June 20 Early 2023"]
[White "Gardezi, Arsal"]
[Black "Vega Gutierrez, Sabrina"]
[WhiteFideId "30949521"]
[BlackFideId "2219026"]
[WhiteElo "1906"]
[BlackElo "2209"]
[Result "0-1"]
[Round "11"]
[TimeControl "180+2"]
[Date "2023.06.20"]
[WhiteClock "0:01:32"]
[BlackClock "0:02:03"]
[Board "120"]

1. e4 c5 2. Nf3 Nc6 3. d4 cxd4 4. Nxd4 Nf6 5. Nc3 e5 6. Ndb5 d6 7. Bg5 a6 8. Na3 b5 9. Bxf6 gxf6 10. Nd5 Bg7 11. Bd3 Ne7 12. c4 Nxd5 13. cxd5 f5 14. O-O O-O 15. Qh5 fxe4 16. Bxe4 f5 17. Bd3 e4 18. Be2 Bxb2 19. Nc2 Bxa1 20. Rxa1 Qf6 21. a4 Bd7 22. Ra3 Rac8 23. Rg3+ Kh8 24. Rh3 Qf7 25. Nd4 Qxh5 26. Rxh5 Rc1+ 27. Bf1 bxa4 28. g3 Bb5 29. Nxb5 axb5 30. Kg2 a3 0-1


[Site "https://www.chess.com"]

[Event "Titled Tuesday Blitz June 20 Early 2023"]
[White "Buchenau, Frank"]
[Black "Cueto, Jonny"]
[WhiteFideId "4604350"]
[BlackFideId "3300145"]
[WhiteElo "2157"]
[BlackElo "2240"]
[Result "1-0"]
[Round "11"]
[TimeControl "180+2"]
[Date "2023.06.20"]
[WhiteClock "0:00:08"]
[BlackClock "0:00:06"]
[Board "121"]

1. e4 e6 2. d4 d5 3. Nc3 Nf6 4. e5 Nfd7 5. f4 c5 6. Nf3 Nc6 7. Be3 Be7 8. Ne2 b5 9. c3 b4 10. f5 bxc3 11. bxc3 cxd4 12. cxd4 Bb4+ 13. Kf2 exf5 14. Nf4 Nb6 15. Bb5 Bd7 16. e6 O-O 17. exd7 Ne7 18. Qb3 Bd6 19. Ne5 a6 20. Nc6 Qxd7 21. Nxe7+ Qxe7 22. Bc6 Rab8 23. Rhe1 Nc4 24. Qd3 Qh4+ 25. Kg1 Bxf4 26. Bxf4 Qxf4 27. Bxd5 Rb2 28. Qxc4 Rd8 29. Rf1 Qe3+ 30. Kh1 g5 31. Rae1 Qd2 32. Bxf7+ Kg7 33. Bd5 Rc2 34. Qxa6 Rxd5 35. Qb7+ Kh6 36. Qxd5 Rxa2 37. Re6+ Kh5 38. Qf3+ g4 39. Qxf5+ Kh4 40. g3+ Kh3 41. Qh5# 1-0


[Site "https://www.chess.com"]